 Dungeon Crawl Stone Soup version 0.29-a0-360-g8ed1089bbe (webtiles) character file.

Game seed: 9217266413001170982

78 Hubjo the Firebug (level 4, -2/26 HPs)
             Began as a Deep Elf Fire Elementalist on Apr 28, 2022.
             Slain by Sigmund
             ... wielding a +1 scythe of protection
              (13 damage)
             ... on level 2 of the Dungeon.
             The game lasted 00:02:40 (2871 turns).

Hubjo the Firebug (Deep Elf Fire Elementalist)      Turns: 2871, Time: 00:02:41

Health: -2/26      AC:  2    Str:  5    XL:     4   Next: 15%
Magic:  7/11       EV: 13    Int: 20    God:
Gold:   216        SH:  0    Dex: 17    Spells: 9/10 levels left

rFire   . . .      SeeInvis .   (no weapon)
rCold   . . .      Faith    .   (no shield)
rNeg    . . .      Spirit   .   a - +0 robe
rPois   .          Reflect  .   (no helmet)
rElec   .          Harm     .   (no cloak)
rCorr   .          Rampage  .   (no gloves)
Will    .....                   (no boots)
Stlth   +++.......              (no amulet)
HPRegen 0.08/turn               (no ring)
MPRegen 0.12/turn               (no ring)

@: no status effects
A: no striking features
a: no special abilities


You were on level 2 of the Dungeon.
You visited 1 branch of the dungeon, and saw 2 of its levels.

You collected 216 gold pieces.

Inventory:

Armour
 a - a +0 robe (worn)
Jewellery
 h - a +4 ring of evasion
Scrolls
 d - a scroll of immolation
Potions
 b - a potion of magic


   Skills:
 * Level 1.7 Fighting
 - Level 2.4 Dodging
 + Level 3.4 Stealth
 + Level 3.7 Spellcasting
 - Level 1.1 Conjurations
 + Level 3.8 Fire Magic


You had 9 spell levels left.
You knew the following spells:

 Your Spells              Type           Power      Damage    Failure   Level
a - Foxfire               Conj/Fire      52%        2x1d6     4%          1

Your spell library contained the following spells:

 Spells                   Type           Power      Damage    Failure   Level
 Scorch                   Fire           38%        2d7       4%          2
 Conjure Flame            Conj/Fire      13%        6-21      14%         3
 Inner Flame              Hex/Fire       11%        N/A       19%         3
 Corpse Rot               Necr/Air       6%         N/A       21%         2
 Flame Wave               Conj/Fire      13%        2d6       43%         4
 Lightning Bolt           Conj/Air       2%         1d14      96%         5
 Silence                  Hex/Air        1%         N/A       98%         5


Dungeon Overview and Level Annotations

Branches:
Dungeon (2/15)

Altars:

Annotations:
D:2 Sigmund


Message History

You conjure some foxfire!
The foxfire hits Sigmund but does no damage.
The foxfire hits Sigmund.
Sigmund is moderately wounded.
You conjure some foxfire!
The foxfire hits Sigmund but does no damage.
Sigmund is moderately wounded.
The foxfire hits Sigmund.
Sigmund is moderately wounded.
Sigmund casts a spell at you. The puff of flame hits you!
You conjure some foxfire!
The foxfire hits Sigmund.
Sigmund is moderately wounded.
The foxfire hits Sigmund.
Sigmund is heavily wounded.
You conjure some foxfire!
The foxfire hits Sigmund.
Sigmund is heavily wounded.
The foxfire hits Sigmund but does no damage.
Sigmund is heavily wounded.
Sigmund casts a spell.
Sigmund flickers and vanishes!
Deactivating autopickup; reactivate with Ctrl-A.
As you read the scroll labelled VASIUX VOTHARGH, it crumbles to dust.
You hear a loud clanging noise!
It was a scroll of noise.
The foxfire hits something but does no damage.
The foxfire hits something.
As you read the scroll labelled WEBRIW OSTRY, it crumbles to dust.
It is a scroll of identify.
d - a scroll of immolation Something hits you!
* * * LOW HITPOINT WARNING * * *
As you read the scroll labelled WIZIUN YXUH, it crumbles to dust.
It is a scroll of amnesia.
Okay, then.
It was a potion of curing.
You feel better. Something hits you!
* * * LOW HITPOINT WARNING * * *
You feel better. Something hits you!
Ouch! That really hurt!
You die...

..#..## ###.####
...#..# #......#
#..#
#......##......#..#
#......##......#..#
#......##......#..#
#..{..$##......#..#
#......##......#..#
#..@.).##......#..##
###.#####......#....
#............##.##
#######......##.##
#......##.#<
#####..##.## #..##.#
#..##.# #..##.#


There were no monsters in sight!

Vanquished Creatures
  Natasha (D:2)
  3 dart slugs (D:1)
  5 bats
  7 endoplasms
  2 giant cockroaches (D:1)
  5 hobgoblins (D:1)
  2 jackals (D:1)
  5 kobolds
  2 ball pythons
  A frilled lizard (D:2)
  5 goblins
  3 rats
41 creatures vanquished.

Vanquished Creatures (collateral kills)
  A foxfire (D:1)
1 creature vanquished.

Vanquished Creatures (others)
  259 foxfires
  3 fungi (D:1)
  4 toadstools (D:1)
266 creatures vanquished.

Grand Total: 308 creatures vanquished

Notes
Turn   | Place    | Note
-------+----------+-------------------------------------------
     0 | D:1      | Hubjo the Deep Elf Fire Elementalist began the quest for
                  | the Orb.
     0 | D:1      | Reached XP level 1. HP: 10/10 MP: 6/6
   333 | D:1      | Reached XP level 2. HP: 16/16 MP: 2/8
   655 | D:1      | Reached skill level 1 in Fighting
  1110 | D:1      | Reached XP level 3. HP: 18/20 MP: 4/9
  2233 | D:2      | Noticed Natasha
  2243 | D:2      | Killed Natasha
  2244 | D:2      | Reached XP level 4. HP: 26/26 MP: 3/11
  2554 | D:2      | Got the Compendium of Feathers
  2852 | D:2      | Noticed Sigmund
  2871 | D:2      | Slain by Sigmund

Illustrated notes

Levels and vault maps discovered:
D:1:      enne_arrival_octagon_isle, layout_basic, minmay_misc_feat_hallway,
          minivault_4, hangedman_decor_points,
          nicolae_concentric_dashed_squares_mild, minmay_gold_behind_fungi
D:2:      layout_basic, chequers_ecumenical_altar_twisty, uniq_natasha,
          uniq_sigmund

Skill      XL: |  1  2 |
---------------+-------+-----
Fighting       | 1 |  1.7
Stealth        | 3 |  3.4
Dodging        | |  2.4
Spellcasting   | |  3.7
Conjurations   | |  1.1
Fire Magic     | |  3.8

Action                   |  1- 3 |  4- 6 || total
-------------------------+-------+-------++-------
Melee: Unarmed           |    12 |       ||    12
 Cast: Foxfire           |   138 |    28 ||   166
  Use: Scroll            |       |     3 ||     3
       Potion            |       |     2 ||     2
Armor: Robe              |     4 |       ||     4
Dodge: Dodged            |    15 |       ||    15

Table legend: (Time is in decaauts)
 A = Elapsed time spent in this place.
 B = Non-inter-level travel time spent in this place.
 C = Inter-level travel time spent in this place.
 D = Time resting spent in this place.
 E = Time spent auto-exploring this place.
 F = Levels seen in this place.
 G = Mean time per level.
                   A        B        C        D        E       F      G
               +--------+--------+--------+--------+--------+-----+--------+
         Total |   2881 |   2881 |      0 |      0 |   2556 |   2 | 1440.5 |
       Dungeon |   2881 |   2881 |      0 |      0 |   2556 |   2 | 1440.5 |
               +--------+--------+--------+--------+--------+-----+--------+

Top non-repeatable levels by time:
     D:1: 2028 daAuts
     D:2: 852 daAuts
